Thunder vs Punishers
Created - January 16, 2019 at 19:01
Goals
|
| Thunder |
2 |
2 |
0 |
4 |
| Punishers |
0 |
0 |
1 |
1 |
|
Shots
|
| Thunder |
12 |
13 |
6 |
31 |
| Punishers |
4 |
9 |
8 |
21 |
|
1st period
1. Thunder , Scott Parse 28 (Ryan Nugent-Hopkins 24) at 8:59
2. Thunder , Ryan Nugent-Hopkins 16 (Scott Parse 41, Mikko Vainonen 4) at 11:53
Penalties :
Adam Clendening (TRO) for Hooking (Minor) at 13:58, Radek Faksa (Pro) for Diving (Minor) at 17:10
2nd period
3. Thunder , Jared Staal 4 (Scott Parse 42, Ryan Nugent-Hopkins 25) at 8:17
4. Thunder , Jared Staal 5 (Scott Parse 43, Ryan Nugent-Hopkins 26) at 13:33
Penalties :
David Wolf (TRO) for Hooking (Minor) at 2:14, Ryan Nugent-Hopkins (TRO) for Roughing (Minor) at 5:51, Boone Jenner (Pro) for Roughing (Double Minor) at 18:11
3rd period
5. Punishers , Mattias Tedenby 19 (Zack Hamill 46) at 10:30 (PP)
Penalties :
Trevor Lewis (TRO) for Holding Stick (Minor) at 5:51, Duncan Siemens (TRO) for Holding Stick (Minor) at 8:02, Duncan Siemens (TRO) for Interference (Minor) at 10:29
Goalie Stats
Devan Dubnyk (TRO), 20 saves from 21 shots - (0.952), W, 15-12-1, 60:00 minutes
Louis Domingue (Pro), 12 saves from 12 shots - (1.000), 26:27 minutes
Kristers Gudlevskis (Pro), 15 saves from 19 shots - (0.789), L, 6-12-2, 33:33 minutes
Players Stats for Thunder
Player Name G A P +/- PIM S H SB GA TA FO MP PP MP PK MP
------------------------------------------------------------------------------------
Adam Clendening 0 0 0 0 2 0 2 8 0 0 0/0 20:29 2:40 3:10
Austin Wuthrich 0 0 0 0 0 1 0 2 0 0 0/0 12:15 0:00 0:00
Dany Roussin 0 0 0 0 0 5 0 0 0 1 0/1 20:37 2:37 4:45
David Wolf 0 0 0 0 2 3 2 0 0 0 0/1 14:40 0:00 1:41
Duncan Siemens 0 0 0 4 4 0 1 0 0 0 0/0 11:58 0:00 0:00
Gianluca Curcuruto 0 0 0 0 0 0 0 0 0 0 0/0 3:19 0:00 0:20
Jake Muzzin 0 0 0 0 0 2 3 2 0 0 0/0 24:30 3:18 5:42
Jamie McGinn 0 0 0 0 0 0 1 0 0 1 0/1 8:28 0:00 2:40
Jared Staal 2 0 2 4 0 2 2 0 0 0 1/1 15:09 3:12 0:00
Joe Labate 0 0 0 0 0 3 0 0 0 0 2/5 12:15 0:00 0:00
Joey Ryan 0 0 0 0 0 1 1 1 0 0 0/0 27:15 3:18 5:42
Mikko Vainonen 0 1 1 4 0 1 0 0 0 0 0/0 12:37 0:00 0:53
Nikolay Prokhorkin 0 0 0 0 0 0 0 0 0 0 0/0 1:51 0:20 0:04
Peter Andersson 0 0 0 0 0 0 2 3 0 0 0/0 20:39 2:40 4:05
Ryan Nugent-Hopkins 1 3 4 4 2 3 1 0 0 0 9/21 19:13 3:18 3:04
Scott Parse 1 3 4 4 0 4 0 1 3 0 3/8 24:30 3:21 4:49
Thomas Spelling 0 0 0 0 0 1 2 1 1 0 0/0 15:40 2:29 0:00
Trevor Lewis 0 0 0 0 2 5 1 0 0 0 7/12 18:59 2:37 2:25
Zach Stepan 0 0 0 0 0 0 0 1 0 0 2/4 5:34 0:00 0:24
Players Stats for Punishers
Player Name G A P +/- PIM S H SB GA TA FO MP PP MP PK MP
------------------------------------------------------------------------------------
Adam Pelech 0 0 0 -1 0 0 1 2 0 0 0/0 25:21 5:29 3:03
Boone Jenner 0 0 0 -1 4 1 1 0 0 0 5/8 17:31 4:48 0:26
Carter Ashton 0 0 0 -2 0 1 6 1 1 1 0/0 15:37 0:27 1:54
Colton Gillies 0 0 0 -1 0 2 0 0 0 0 0/0 17:06 4:48 0:00
Dylan DeMelo 0 0 0 -2 0 0 0 0 0 0 0/0 8:37 0:00 0:35
Garret Ross 0 0 0 -2 0 2 3 1 1 0 0/0 14:40 0:27 0:42
Jordan Schmaltz 0 0 0 0 0 0 0 2 0 0 0/0 3:29 0:00 0:00
Madison Bowey 0 0 0 -1 0 0 1 0 0 0 0/0 17:54 4:07 0:00
Mark Jankowski 0 0 0 -2 0 1 0 1 0 0 3/10 14:26 0:27 0:30
Mattias Tedenby 1 0 1 -1 0 5 3 0 0 0 1/4 20:26 4:41 1:53
Miikka Salomaki 0 0 0 -1 0 1 1 0 0 0 0/0 17:23 4:48 0:00
Patrick Wiercioch 0 0 0 -2 0 0 1 1 0 1 0/0 22:32 5:23 2:05
Radek Faksa 0 0 0 0 2 1 0 0 0 0 3/3 5:27 0:00 0:17
Robbie Earl 0 0 0 -1 0 3 1 0 0 1 0/0 21:45 4:41 3:12
Stefan Elliott 0 0 0 -2 0 1 0 3 0 1 0/0 28:35 4:33 3:45
Trevor Van Riemsdyk 0 0 0 0 0 0 0 3 0 0 0/0 13:32 0:20 2:28
Tyler Bertuzzi 0 0 0 0 0 0 0 0 0 0 0/0 4:40 0:00 0:00
Zack Hamill 0 1 1 -1 0 3 4 0 0 0 18/29 24:59 4:41 3:02
3 Stars
1 - Scott Parse (TRO)
2 - Jared Staal (TRO)
3 - Ryan Nugent-Hopkins (TRO)
Power Play
Thunder - 0 on 3 Attempt(s) - 0.00%
Punishers - 1 on 6 Attempt(s) - 16.67%
Penalty Kill
Thunder - 5 on 6 Attempt(s) - 83.33%
- Score 0 goal in Penalty Kill
Punishers - 3 on 3 Attempt(s) - 100.00%
- Score 0 goal in Penalty Kill
Team Stat
Thunder - Hits : 18 - Faceoff Wins : 24 - Blocked Shots : 19 - Penalty Minutes : 12
Punishers - Hits : 22 - Faceoff Wins : 30 - Blocked Shots : 14 - Penalty Minutes : 6
Official
Referees : Unknown
Linesman : Unknown
Game Notes
Jordan Schmaltz is injured at 10:45 of 1st period (Strained Right Elbow)
Louis Domingue enters game at 13:33 of 2nd period
Finance
Level 1 -- Attendance: 1400 (70.00%) -- Ticket Income $56,000
Level 2 -- Attendance: 758 (75.80%) -- Ticket Income $15,160
Total Attendance: 2158 (71.93%)
Total Ticket Income: $71,160
Other Income: $3,558
Total Income: $74,718
Thunder
5 vs 5 Forward
Center Left Wing Right Wing Time % Phy DF OF
1 Ryan Nugent-Hopkins Scott Parse Jared Staal 40 1 2 2
2 Trevor Lewis Dany Roussin Thomas Spelling 30 1 2 2
3 Joe Labate David Wolf Austin Wuthrich 20 1 2 2
4 Zach Stepan Jamie McGinn Scott Parse 10 1 2 2
5 vs 5 Defense
Defense Defense Time % Phy DF OF
1 Joey Ryan Jake Muzzin 40 1 2 2
2 Peter Andersson Adam Clendening 30 1 2 2
3 Duncan Siemens Mikko Vainonen 20 1 2 2
4 Gianluca Curcuruto Joey Ryan 10 1 2 2
PowerPlay Forward
Center Left Wing Right Wing Time % Phy DF OF
1 Ryan Nugent-Hopkins Scott Parse Jared Staal 60 1 2 2
2 Trevor Lewis Dany Roussin Thomas Spelling 40 1 2 2
PowerPlay Defense
Defense Defense Time % Phy DF OF
1 Joey Ryan Jake Muzzin 60 1 2 2
2 Peter Andersson Adam Clendening 40 1 2 2
Penalty Kill 4 Players Forward
Center Wing Time % Phy DF OF
1 Scott Parse Dany Roussin 60 1 2 2
2 Ryan Nugent-Hopkins Trevor Lewis 40 1 2 2
Penalty Kill 4 Players Defense
Defense Defense Time % Phy DF OF
1 Joey Ryan Jake Muzzin 60 1 2 2
2 Peter Andersson Adam Clendening 40 1 2 2
Penalty Kill - 3 Players Forward
Forward Time % Phy DF OF
1 Scott Parse 60 1 2 2
2 Dany Roussin 40 1 2 2
Penalty Kill - 3 Players Defense
Defense Defense Time % Phy DF OF
1 Joey Ryan Jake Muzzin 60 1 2 2
2 Peter Andersson Adam Clendening 40 1 2 2
4 vs 4 Forward
Center Wing Time % Phy DF OF
1 Scott Parse Dany Roussin 60 1 2 2
2 Ryan Nugent-Hopkins Trevor Lewis 40 1 2 2
4 vs 4 Defense
Defense Defense Time % Phy DF OF
1 Joey Ryan Jake Muzzin 60 1 2 2
2 Peter Andersson Adam Clendening 40 1 2 2
Last Minutes Offensive
Center Left Wing Right Wing Defense Defense
Ryan Nugent-Hopkins Scott Parse Jared Staal Joey Ryan Jake Muzzin
Last Minutes Defensive
Center Left Wing Right Wing Defense Defense
Ryan Nugent-Hopkins Scott Parse Jared Staal Joey Ryan Jake Muzzin
Goaltenders
Starting : Devan Dubnyk
Backup : Niklas Treutle
Extra Forwards
Normal : Nikolay Prokhorkin, David Wolf, Jamie McGinn - PP : Nikolay Prokhorkin, David Wolf - PK : Jamie McGinn
Extra Defensemen
Normal : Duncan Siemens, Mikko Vainonen, Gianluca Curcuruto - PP : Duncan Siemens - PK : Mikko Vainonen, Gianluca Curcuruto
Penalty Shots
Scott Parse, Dany Roussin, Ryan Nugent-Hopkins, Trevor Lewis, David Wolf
Scratches
None
Punishers
5 vs 5 Forward
Center Left Wing Right Wing Time % Phy DF OF
1 Zack Hamill Robbie Earl Mattias Tedenby 40 1 2 2
2 Boone Jenner Colton Gillies Miikka Salomaki 30 1 2 2
3 Mark Jankowski Garret Ross Carter Ashton 20 1 2 2
4 Radek Faksa Tyler Bertuzzi Zack Hamill 10 1 2 2
5 vs 5 Defense
Defense Defense Time % Phy DF OF
1 Stefan Elliott Adam Pelech 40 1 2 2
2 Jordan Schmaltz Patrick Wiercioch 30 1 2 2
3 Madison Bowey Trevor Van Riemsdyk 20 1 2 2
4 Dylan DeMelo Stefan Elliott 10 1 2 2
PowerPlay Forward
Center Left Wing Right Wing Time % Phy DF OF
1 Zack Hamill Robbie Earl Mattias Tedenby 60 1 2 2
2 Boone Jenner Colton Gillies Miikka Salomaki 40 1 2 2
PowerPlay Defense
Defense Defense Time % Phy DF OF
1 Stefan Elliott Adam Pelech 60 1 2 2
2 Jordan Schmaltz Patrick Wiercioch 40 1 2 2
Penalty Kill 4 Players Forward
Center Wing Time % Phy DF OF
1 Zack Hamill Robbie Earl 60 1 2 2
2 Mattias Tedenby Boone Jenner 40 1 2 2
Penalty Kill 4 Players Defense
Defense Defense Time % Phy DF OF
1 Stefan Elliott Adam Pelech 60 1 2 2
2 Jordan Schmaltz Patrick Wiercioch 40 1 2 2
Penalty Kill - 3 Players Forward
Forward Time % Phy DF OF
1 Zack Hamill 60 1 2 2
2 Robbie Earl 40 1 2 2
Penalty Kill - 3 Players Defense
Defense Defense Time % Phy DF OF
1 Stefan Elliott Adam Pelech 60 1 2 2
2 Jordan Schmaltz Patrick Wiercioch 40 1 2 2
4 vs 4 Forward
Center Wing Time % Phy DF OF
1 Zack Hamill Robbie Earl 60 1 2 2
2 Mattias Tedenby Boone Jenner 40 1 2 2
4 vs 4 Defense
Defense Defense Time % Phy DF OF
1 Stefan Elliott Adam Pelech 60 1 2 2
2 Jordan Schmaltz Patrick Wiercioch 40 1 2 2
Last Minutes Offensive
Center Left Wing Right Wing Defense Defense
Zack Hamill Robbie Earl Mattias Tedenby Stefan Elliott Adam Pelech
Last Minutes Defensive
Center Left Wing Right Wing Defense Defense
Zack Hamill Robbie Earl Mattias Tedenby Stefan Elliott Adam Pelech
Goaltenders
Starting : Kristers Gudlevskis
Backup : Louis Domingue
Extra Forwards
Normal : Garret Ross, Mark Jankowski, Carter Ashton - PP : Garret Ross, Mark Jankowski - PK : Carter Ashton
Extra Defensemen
Normal : Madison Bowey, Trevor Van Riemsdyk, Dylan DeMelo - PP : Madison Bowey - PK : Trevor Van Riemsdyk, Dylan DeMelo
Penalty Shots
Zack Hamill, Robbie Earl, Mattias Tedenby, Boone Jenner, Colton Gillies
Scratches
Michael Joly (Healthy), Dan Bertram (Healthy), David Laliberté (Left Hip Injury), John Macfarland (Healthy), Daniel Altshuller (Healthy)
% Time on Ice - Thunder
Lines # - Real PCT - Wanted PCT - Time Play
Normal Forward
1 - 29% - 40% - 12:47
2 - 32% - 30% - 13:57
3 - 28% - 20% - 12:15
4 - 12% - 10% - 5:07
Normal Defense
1 - 35% - 40% - 15:31
2 - 32% - 30% - 13:54
3 - 27% - 20% - 11:43
4 - 7% - 10% - 2:58
PP Forward
1 - 56% - 60% - 3:21
2 - 44% - 40% - 2:37
PP Defense
1 - 55% - 60% - 3:18
2 - 45% - 40% - 2:40
PK Forward
1 - 71% - 60% - 7:02
2 - 29% - 40% - 2:54
PK Defense
1 - 59% - 60% - 5:51
2 - 41% - 40% - 4:05
PK3 Forward
1 - 0% - 60%
2 - 0% - 40%
PK3 Defense
1 - 0% - 60%
2 - 0% - 40%
44 Forward
1 - 0% - 60%
2 - 0% - 40%
44 Defense
1 - 0% - 60%
2 - 0% - 40%
Last Minute Offensive - 0:00
Last Minute Defensive - 0:00
Total
Forward - 60:00
Defense - 60:00
|
% Time on Ice - Punishers
Lines # - Real PCT - Wanted PCT - Time Play
Normal Forward
1 - 33% - 40% - 14:37
2 - 28% - 30% - 12:18
3 - 28% - 20% - 12:31
4 - 11% - 10% - 4:40
Normal Defense
1 - 36% - 40% - 15:50
2 - 34% - 30% - 15:05
3 - 20% - 20% - 8:44
4 - 10% - 10% - 4:27
PP Forward
1 - 52% - 60% - 5:08
2 - 48% - 40% - 4:48
PP Defense
1 - 46% - 60% - 4:33
2 - 54% - 40% - 5:23
PK Forward
1 - 68% - 60% - 4:05
2 - 32% - 40% - 1:53
PK Defense
1 - 63% - 60% - 3:45
2 - 37% - 40% - 2:13
PK3 Forward
1 - 0% - 60%
2 - 0% - 40%
PK3 Defense
1 - 0% - 60%
2 - 0% - 40%
44 Forward
1 - 0% - 60%
2 - 0% - 40%
44 Defense
1 - 0% - 60%
2 - 0% - 40%
Last Minute Offensive - 0:00
Last Minute Defensive - 0:00
Total
Forward - 60:00
Defense - 60:00
|
Play-by-Play
1st period
0:01 of 1st period - Zack Hamill wins face-off versus Ryan Nugent-Hopkins in neutral zone.
0:56 of 1st period - Slapshot by Scott Parse.
0:56 of 1st period - Stopped by Kristers Gudlevskis without a rebound.
0:57 of 1st period - Radek Faksa wins face-off versus Trevor Lewis in Punishers zone.
1:07 of 1st period - Off-side.
1:08 of 1st period - Zack Hamill wins face-off versus Ryan Nugent-Hopkins in neutral zone.
2:14 of 1st period - Scott Parse is hit by Madison Bowey and loses puck.
3:13 of 1st period - David Wolf is hit by Carter Ashton and loses puck.
4:08 of 1st period - Icing by Adam Pelech.
4:09 of 1st period - Trevor Lewis wins face-off versus Mark Jankowski in Punishers zone.
4:20 of 1st period - Slapshot by Dany Roussin.
4:20 of 1st period - Stopped by Kristers Gudlevskis without a rebound.
4:21 of 1st period - Ryan Nugent-Hopkins wins face-off versus Zack Hamill in Punishers zone.
4:54 of 1st period - Wrist shot by Boone Jenner.
4:54 of 1st period - Deflect By Miikka Salomaki.
4:54 of 1st period - Shot Misses the Net.
4:54 of 1st period - Puck is out of play.
4:55 of 1st period - Trevor Lewis wins face-off versus Boone Jenner in Thunder zone.
5:20 of 1st period - Snap shot by David Wolf.
5:20 of 1st period - Deflect By Joe Labate.
5:20 of 1st period - Shot Misses the Net.
5:20 of 1st period - Puck is out of play.
5:21 of 1st period - Joe Labate wins face-off versus Zack Hamill in Punishers zone.
6:33 of 1st period - Off-side.
6:34 of 1st period - Zach Stepan wins face-off versus Zack Hamill in neutral zone.
6:53 of 1st period - Wrist shot by Zack Hamill.
6:53 of 1st period - Shot Blocked by Adam Clendening.
6:55 of 1st period - Slapshot by Madison Bowey.
6:55 of 1st period - Shot Blocked by Adam Clendening.
7:19 of 1st period - Wrist shot by Zack Hamill.
7:19 of 1st period - Shot Misses the Net.
7:39 of 1st period - Backhand shot by Mattias Tedenby.
7:39 of 1st period - Shot Blocked by Adam Clendening.
7:41 of 1st period - Backhand shot by Mattias Tedenby.
7:41 of 1st period - Stopped by Devan Dubnyk with a rebound.
7:45 of 1st period - Slapshot by Zack Hamill.
7:45 of 1st period - Shot Misses the Net.
7:47 of 1st period - Snap shot by Mattias Tedenby.
7:47 of 1st period - Stopped by Devan Dubnyk with a rebound.
8:17 of 1st period - Slapshot by Robbie Earl.
8:17 of 1st period - Shot Misses the Net.
8:19 of 1st period - Slapshot by Stefan Elliott.
8:19 of 1st period - Stopped by Devan Dubnyk without a rebound.
8:20 of 1st period - Boone Jenner wins face-off versus Ryan Nugent-Hopkins in Thunder zone.
8:32 of 1st period - Wrist shot by Ryan Nugent-Hopkins.
8:32 of 1st period - Stopped by Kristers Gudlevskis with a rebound.
8:34 of 1st period - Wrist shot by Scott Parse.
8:34 of 1st period - Shot Blocked by Jordan Schmaltz.
8:55 of 1st period - Snap shot by Trevor Lewis.
8:55 of 1st period - Deflect By Patrick Wiercioch.
8:55 of 1st period - Stopped by Kristers Gudlevskis without a rebound.
8:56 of 1st period - Ryan Nugent-Hopkins wins face-off versus Mark Jankowski in Punishers zone.
8:57 of 1st period - Slapshot by Scott Parse.
8:57 of 1st period - Shot Misses the Net.
8:59 of 1st period - Slapshot by Scott Parse.
8:59 of 1st period - Goal by Scott Parse - Thunder : 1 - Punishers : 0.
9:00 of 1st period - Ryan Nugent-Hopkins wins face-off versus Boone Jenner in neutral zone.
10:22 of 1st period - Mikko Vainonen is hit by Garret Ross and loses puck.
10:45 of 1st period - Wrist shot by Ryan Nugent-Hopkins.
10:45 of 1st period - Shot Blocked by Jordan Schmaltz.
10:45 of 1st period - Jordan Schmaltz from Punishers is injured at 10:45 of 1st period (Strained Right Elbow).
10:46 of 1st period - Ryan Nugent-Hopkins wins face-off versus Mattias Tedenby in Punishers zone.
11:18 of 1st period - Wrist shot by Carter Ashton.
11:18 of 1st period - Stopped by Devan Dubnyk with a rebound.
11:45 of 1st period - Snap shot by Scott Parse.
11:45 of 1st period - Shot Blocked by Stefan Elliott.
11:47 of 1st period - Wrist shot by Ryan Nugent-Hopkins.
11:47 of 1st period - Deflect By Scott Parse.
11:47 of 1st period - Stopped by Kristers Gudlevskis with a rebound.
11:51 of 1st period - Slapshot by Ryan Nugent-Hopkins.
11:51 of 1st period - Stopped by Kristers Gudlevskis with a rebound.
11:53 of 1st period - Wrist shot by Ryan Nugent-Hopkins.
11:53 of 1st period - Goal by Ryan Nugent-Hopkins - Thunder : 2 - Punishers : 0.
11:54 of 1st period - Trevor Lewis wins face-off versus Zack Hamill in neutral zone.
11:58 of 1st period - Off-side.
11:59 of 1st period - Trevor Lewis wins face-off versus Zack Hamill in neutral zone.
12:06 of 1st period - Snap shot by Dany Roussin.
12:06 of 1st period - Shot Misses the Net.
12:08 of 1st period - Wrist shot by Dany Roussin.
12:08 of 1st period - Stopped by Kristers Gudlevskis with a rebound.
12:12 of 1st period - Wrist shot by Thomas Spelling.
12:12 of 1st period - Stopped by Kristers Gudlevskis without a rebound.
12:13 of 1st period - Radek Faksa wins face-off versus Dany Roussin in Punishers zone.
12:22 of 1st period - Snap shot by Dany Roussin.
12:22 of 1st period - Deflect By Adam Pelech.
12:22 of 1st period - Stopped by Kristers Gudlevskis with a rebound.
13:04 of 1st period - Joe Labate is hit by Garret Ross and loses puck.
13:23 of 1st period - Wrist shot by Zack Hamill.
13:23 of 1st period - Shot Blocked by Adam Clendening.
13:25 of 1st period - Snap shot by Robbie Earl.
13:25 of 1st period - Deflect By Mattias Tedenby.
13:25 of 1st period - Shot Misses the Net.
13:25 of 1st period - Puck is out of play.
13:26 of 1st period - Zack Hamill wins face-off versus Ryan Nugent-Hopkins in Thunder zone.
13:53 of 1st period - Snap shot by Boone Jenner.
13:53 of 1st period - Deflect By Miikka Salomaki.
13:53 of 1st period - Shot Misses the Net.
13:53 of 1st period - Puck is out of play.
13:54 of 1st period - Boone Jenner wins face-off versus Trevor Lewis in Thunder zone.
13:58 of 1st period - Minor Penalty to Adam Clendening for Hooking.
13:59 of 1st period - Zack Hamill wins face-off versus Scott Parse in Thunder zone.
15:30 of 1st period - Peter Andersson is hit by Miikka Salomaki and loses puck.
15:41 of 1st period - Boone Jenner is hit by Peter Andersson and loses puck.
15:56 of 1st period - Snap shot by Mattias Tedenby.
15:56 of 1st period - Shot Misses the Net.
15:58 of 1st period - Penalty to Adam Clendening is over, Adam Clendening is back on ice.
16:43 of 1st period - Off-side.
16:44 of 1st period - Mark Jankowski wins face-off versus Jamie McGinn in neutral zone.
17:10 of 1st period - Minor Penalty to Radek Faksa for Diving.
17:11 of 1st period - Scott Parse wins face-off versus Zack Hamill in Punishers zone.
17:38 of 1st period - Stefan Elliott is hit by Adam Clendening and loses puck.
19:10 of 1st period - Penalty to Radek Faksa is over, Radek Faksa is back on ice.
19:17 of 1st period - Colton Gillies is hit by Joey Ryan.
19:25 of 1st period - Snap shot by Colton Gillies.
19:25 of 1st period - Shot Misses the Net.
19:35 of 1st period - Slapshot by Joey Ryan.
19:35 of 1st period - Stopped by Kristers Gudlevskis without a rebound.
19:36 of 1st period - Radek Faksa wins face-off versus Zach Stepan in Punishers zone.
19:36 of 1st period - Radek Faksa is hit by Duncan Siemens.
19:53 of 1st period - Icing by Mikko Vainonen.
19:54 of 1st period - Mark Jankowski wins face-off versus Zach Stepan in Thunder zone.
19:55 of 1st period - Snap shot by Carter Ashton.
19:55 of 1st period - Shot Hit the Post.
Goals for this period are 2 for Thunder vs 0 for Punishers.
Shots for this period are 12 for Thunder vs 4 for Punishers.
2nd period
0:01 of 2nd period - Zack Hamill wins face-off versus Ryan Nugent-Hopkins in neutral zone.
0:25 of 2nd period - Adam Pelech is hit by David Wolf and loses puck.
0:34 of 2nd period - Snap shot by Joe Labate.
0:34 of 2nd period - Shot Misses the Net.
0:36 of 2nd period - Wrist shot by Joe Labate.
0:36 of 2nd period - Shot Hit the Post.
1:03 of 2nd period - Peter Andersson is hit by Carter Ashton.
1:11 of 2nd period - Mark Jankowski is hit by Thomas Spelling and loses puck.
1:48 of 2nd period - Snap shot by Dany Roussin.
1:48 of 2nd period - Shot Misses the Net.
1:50 of 2nd period - Snap shot by Dany Roussin.
1:50 of 2nd period - Deflect By Trevor Lewis.
1:50 of 2nd period - Stopped by Kristers Gudlevskis without a rebound.
1:51 of 2nd period - Zack Hamill wins face-off versus Scott Parse in Punishers zone.
1:51 of 2nd period - Zack Hamill is hit by Jake Muzzin.
2:14 of 2nd period - Minor Penalty to David Wolf for Hooking.
2:15 of 2nd period - Zack Hamill wins face-off versus Scott Parse in Thunder zone.
2:24 of 2nd period - Slapshot by Zack Hamill.
2:24 of 2nd period - Stopped by Devan Dubnyk with a rebound.
2:45 of 2nd period - Snap shot by Miikka Salomaki.
2:45 of 2nd period - Shot Blocked by Jake Muzzin.
2:47 of 2nd period - Wrist shot by Boone Jenner.
2:47 of 2nd period - Shot Misses the Net.
3:19 of 2nd period - Adam Pelech is hit by Jamie McGinn and loses puck.
3:40 of 2nd period - Robbie Earl is hit by Trevor Lewis and loses puck.
4:14 of 2nd period - Penalty to David Wolf is over, David Wolf is back on ice.
4:16 of 2nd period - Peter Andersson is hit by Carter Ashton and loses puck.
4:23 of 2nd period - Patrick Wiercioch is hit by Peter Andersson and loses puck.
4:38 of 2nd period - Slapshot by Carter Ashton.
4:38 of 2nd period - Shot Misses the Net.
4:54 of 2nd period - Snap shot by David Wolf.
4:54 of 2nd period - Stopped by Kristers Gudlevskis without a rebound.
4:55 of 2nd period - Boone Jenner wins face-off versus Ryan Nugent-Hopkins in Punishers zone.
4:55 of 2nd period - Boone Jenner is hit by Jared Staal.
5:05 of 2nd period - Wrist shot by Colton Gillies.
5:05 of 2nd period - Shot Hit the Post.
5:07 of 2nd period - Slapshot by Stefan Elliott.
5:07 of 2nd period - Deflect By Miikka Salomaki.
5:07 of 2nd period - Shot Misses the Net.
5:07 of 2nd period - Puck is out of play.
5:08 of 2nd period - Zack Hamill wins face-off versus Trevor Lewis in Thunder zone.
5:20 of 2nd period - Snap shot by Mattias Tedenby.
5:20 of 2nd period - Shot Blocked by Thomas Spelling.
5:41 of 2nd period - Snap shot by Boone Jenner.
5:41 of 2nd period - Shot Misses the Net.
5:43 of 2nd period - Slapshot by Colton Gillies.
5:43 of 2nd period - Stopped by Devan Dubnyk with a rebound.
5:51 of 2nd period - Minor Penalty to Ryan Nugent-Hopkins for Roughing.
5:52 of 2nd period - Scott Parse wins face-off versus Zack Hamill in Thunder zone.
7:51 of 2nd period - Penalty to Ryan Nugent-Hopkins is over, Ryan Nugent-Hopkins is back on ice.
8:05 of 2nd period - Wrist shot by David Wolf.
8:05 of 2nd period - Shot Blocked by Stefan Elliott.
8:07 of 2nd period - Snap shot by David Wolf.
8:07 of 2nd period - Stopped by Kristers Gudlevskis without a rebound.
8:08 of 2nd period - Ryan Nugent-Hopkins wins face-off versus Mark Jankowski in Punishers zone.
8:15 of 2nd period - Wrist shot by Scott Parse.
8:15 of 2nd period - Shot Blocked by Patrick Wiercioch.
8:17 of 2nd period - Wrist shot by Jared Staal.
8:17 of 2nd period - Goal by Jared Staal - Thunder : 3 - Punishers : 0.
8:18 of 2nd period - Zack Hamill wins face-off versus Ryan Nugent-Hopkins in neutral zone.
8:33 of 2nd period - Patrick Wiercioch is hit by Jake Muzzin and loses puck.
9:05 of 2nd period - Snap shot by Carter Ashton.
9:05 of 2nd period - Shot Blocked by Adam Clendening.
9:09 of 2nd period - Snap shot by Garret Ross.
9:09 of 2nd period - Deflect By Mark Jankowski.
9:09 of 2nd period - Shot Blocked by Adam Clendening.
9:09 of 2nd period - Puck is out of play.
9:10 of 2nd period - Ryan Nugent-Hopkins wins face-off versus Mark Jankowski in Thunder zone.
9:21 of 2nd period - Slapshot by Carter Ashton.
9:21 of 2nd period - Shot Blocked by Adam Clendening.
9:54 of 2nd period - Joe Labate is hit by Zack Hamill and loses puck.
10:21 of 2nd period - Wrist shot by Boone Jenner.
10:21 of 2nd period - Shot Misses the Net.
10:23 of 2nd period - Wrist shot by Boone Jenner.
10:23 of 2nd period - Stopped by Devan Dubnyk with a rebound.
10:49 of 2nd period - Snap shot by Mattias Tedenby.
10:49 of 2nd period - Shot Misses the Net.
11:01 of 2nd period - Wrist shot by David Wolf.
11:01 of 2nd period - Shot Misses the Net.
11:03 of 2nd period - Wrist shot by Joe Labate.
11:03 of 2nd period - Stopped by Kristers Gudlevskis with a rebound.
11:05 of 2nd period - Slapshot by Mikko Vainonen.
11:05 of 2nd period - Stopped by Kristers Gudlevskis without a rebound.
11:06 of 2nd period - Mark Jankowski wins face-off versus Joe Labate in Punishers zone.
11:17 of 2nd period - Snap shot by Carter Ashton.
11:17 of 2nd period - Shot Blocked by Austin Wuthrich.
11:19 of 2nd period - Slapshot by Trevor Van Riemsdyk.
11:19 of 2nd period - Shot Misses the Net.
11:21 of 2nd period - Wrist shot by Mark Jankowski.
11:21 of 2nd period - Shot Misses the Net.
11:33 of 2nd period - Icing by Joey Ryan.
11:34 of 2nd period - Zack Hamill wins face-off versus Joe Labate in Thunder zone.
11:37 of 2nd period - Slapshot by Mattias Tedenby.
11:37 of 2nd period - Shot Blocked by Adam Clendening.
11:39 of 2nd period - Backhand shot by Stefan Elliott.
11:39 of 2nd period - Shot Blocked by Peter Andersson.
11:41 of 2nd period - Slapshot by Robbie Earl.
11:41 of 2nd period - Shot Misses the Net.
11:43 of 2nd period - Slapshot by Mattias Tedenby.
11:43 of 2nd period - Shot Misses the Net.
11:45 of 2nd period - Wrist shot by Robbie Earl.
11:45 of 2nd period - Stopped by Devan Dubnyk without a rebound.
11:46 of 2nd period - Jared Staal wins face-off versus Zack Hamill in Thunder zone.
12:05 of 2nd period - Jared Staal is hit by Robbie Earl.
12:37 of 2nd period - Wrist shot by Garret Ross.
12:37 of 2nd period - Deflect By Mark Jankowski.
12:37 of 2nd period - Stopped by Devan Dubnyk with a rebound.
13:33 of 2nd period - Snap shot by Scott Parse.
13:33 of 2nd period - Deflect By Jared Staal.
13:33 of 2nd period - Goal by Jared Staal - Thunder : 4 - Punishers : 0.
13:33 of 2nd period - Louis Domingue enters game.
13:34 of 2nd period - Zack Hamill wins face-off versus Ryan Nugent-Hopkins in neutral zone.
13:49 of 2nd period - Wrist shot by Scott Parse.
13:49 of 2nd period - Shot Blocked by Adam Pelech.
14:21 of 2nd period - Icing by Trevor Van Riemsdyk.
14:22 of 2nd period - Zach Stepan wins face-off versus Mark Jankowski in Punishers zone.
14:31 of 2nd period - Snap shot by Garret Ross.
14:31 of 2nd period - Stopped by Devan Dubnyk with a rebound.
14:33 of 2nd period - Backhand shot by Garret Ross.
14:33 of 2nd period - Stopped by Devan Dubnyk without a rebound.
14:34 of 2nd period - Zack Hamill wins face-off versus Ryan Nugent-Hopkins in Thunder zone.
14:35 of 2nd period - Snap shot by Robbie Earl.
14:35 of 2nd period - Stopped by Devan Dubnyk with a rebound.
14:37 of 2nd period - Backhand shot by Stefan Elliott.
14:37 of 2nd period - Shot Blocked by Jake Muzzin.
16:09 of 2nd period - Joe Labate is hit by Mattias Tedenby and loses puck.
16:22 of 2nd period - Trevor Lewis is hit by Boone Jenner and loses puck.
16:27 of 2nd period - Snap shot by Miikka Salomaki.
16:27 of 2nd period - Stopped by Devan Dubnyk with a rebound.
16:29 of 2nd period - Slapshot by Trevor Van Riemsdyk.
16:29 of 2nd period - Shot Blocked by Peter Andersson.
16:31 of 2nd period - Slapshot by Miikka Salomaki.
16:31 of 2nd period - Shot Misses the Net.
16:41 of 2nd period - Dany Roussin is hit by Carter Ashton.
16:47 of 2nd period - Snap shot by Dany Roussin.
16:47 of 2nd period - Shot Misses the Net.
16:49 of 2nd period - Snap shot by Dany Roussin.
16:49 of 2nd period - Stopped by Louis Domingue with a rebound.
16:51 of 2nd period - Snap shot by Trevor Lewis.
16:51 of 2nd period - Shot Blocked by Trevor Van Riemsdyk.
16:53 of 2nd period - Slapshot by Trevor Lewis.
16:53 of 2nd period - Stopped by Louis Domingue with a rebound.
16:55 of 2nd period - Slapshot by Jake Muzzin.
16:55 of 2nd period - Stopped by Louis Domingue with a rebound.
17:03 of 2nd period - Jake Muzzin is hit by Carter Ashton and loses puck.
17:24 of 2nd period - Snap shot by Thomas Spelling.
17:24 of 2nd period - Deflect By Trevor Lewis.
17:24 of 2nd period - Stopped by Louis Domingue with a rebound.
17:26 of 2nd period - Snap shot by Thomas Spelling.
17:26 of 2nd period - Shot Blocked by Trevor Van Riemsdyk.
17:28 of 2nd period - Slapshot by Dany Roussin.
17:28 of 2nd period - Shot Misses the Net.
17:30 of 2nd period - Snap shot by Trevor Lewis.
17:30 of 2nd period - Shot Misses the Net.
17:32 of 2nd period - Snap shot by Thomas Spelling.
17:32 of 2nd period - Shot Misses the Net.
17:34 of 2nd period - Wrist shot by Trevor Lewis.
17:34 of 2nd period - Stopped by Louis Domingue with a rebound.
17:36 of 2nd period - Wrist shot by Trevor Lewis.
17:36 of 2nd period - Shot Misses the Net.
17:38 of 2nd period - Snap shot by Joey Ryan.
17:38 of 2nd period - Shot Blocked by Carter Ashton.
17:40 of 2nd period - Wrist shot by Jake Muzzin.
17:40 of 2nd period - Shot Blocked by Trevor Van Riemsdyk.
17:42 of 2nd period - Slapshot by Jake Muzzin.
17:42 of 2nd period - Stopped by Louis Domingue without a rebound.
17:43 of 2nd period - Zack Hamill wins face-off versus Ryan Nugent-Hopkins in Punishers zone.
17:43 of 2nd period - Zack Hamill is hit by Jared Staal.
18:01 of 2nd period - Jared Staal is hit by Zack Hamill and loses puck.
18:11 of 2nd period - Double Minor Penalty to Boone Jenner for Roughing.
18:12 of 2nd period - Zack Hamill wins face-off versus Ryan Nugent-Hopkins in Punishers zone.
18:58 of 2nd period - Carter Ashton is hit by Thomas Spelling.
19:27 of 2nd period - Off-side.
19:28 of 2nd period - Zack Hamill wins face-off versus Trevor Lewis in neutral zone.
19:56 of 2nd period - Icing by Joey Ryan.
19:57 of 2nd period - Ryan Nugent-Hopkins wins face-off versus Mattias Tedenby in Thunder zone.
Goals for this period are 2 for Thunder vs 0 for Punishers.
Shots for this period are 13 for Thunder vs 9 for Punishers.
3rd period
0:01 of 3rd period - Ryan Nugent-Hopkins wins face-off versus Zack Hamill in neutral zone.
0:04 of 3rd period - Slapshot by Joey Ryan.
0:04 of 3rd period - Shot Blocked by Stefan Elliott.
0:37 of 3rd period - Off-side.
0:38 of 3rd period - Trevor Lewis wins face-off versus Mattias Tedenby in neutral zone.
2:11 of 3rd period - Penalty to Boone Jenner is over, Boone Jenner is back on ice.
2:20 of 3rd period - Madison Bowey is hit by David Wolf and loses puck.
2:52 of 3rd period - Zach Stepan is hit by Carter Ashton.
2:56 of 3rd period - Zach Stepan is hit by Garret Ross and loses puck.
4:00 of 3rd period - Jamie McGinn is hit by Zack Hamill.
4:20 of 3rd period - Icing by Miikka Salomaki.
4:21 of 3rd period - Joe Labate wins face-off versus Mark Jankowski in Punishers zone.
4:22 of 3rd period - Snap shot by David Wolf.
4:22 of 3rd period - Stopped by Louis Domingue with a rebound.
4:24 of 3rd period - Snap shot by Duncan Siemens.
4:24 of 3rd period - Shot Misses the Net.
4:26 of 3rd period - Wrist shot by Joe Labate.
4:26 of 3rd period - Shot Misses the Net.
4:28 of 3rd period - Slapshot by Mikko Vainonen.
4:28 of 3rd period - Shot Blocked by Adam Pelech.
4:58 of 3rd period - Wrist shot by Garret Ross.
4:58 of 3rd period - Shot Misses the Net.
5:42 of 3rd period - Off-side.
5:43 of 3rd period - Zack Hamill wins face-off versus Trevor Lewis in neutral zone.
5:51 of 3rd period - Minor Penalty to Trevor Lewis for Holding Stick.
5:52 of 3rd period - Zack Hamill wins face-off versus Scott Parse in Thunder zone.
5:52 of 3rd period - Snap shot by Mattias Tedenby.
5:52 of 3rd period - Shot Blocked by Scott Parse.
6:02 of 3rd period - Joey Ryan is hit by Mattias Tedenby and loses puck.
6:07 of 3rd period - Snap shot by Zack Hamill.
6:07 of 3rd period - Stopped by Devan Dubnyk with a rebound.
6:09 of 3rd period - Wrist shot by Mattias Tedenby.
6:09 of 3rd period - Shot Misses the Net.
6:27 of 3rd period - Snap shot by Boone Jenner.
6:27 of 3rd period - Shot Blocked by Joey Ryan.
6:29 of 3rd period - Wrist shot by Boone Jenner.
6:29 of 3rd period - Deflect By Colton Gillies.
6:29 of 3rd period - Stopped by Devan Dubnyk with a rebound.
7:51 of 3rd period - Penalty to Trevor Lewis is over, Trevor Lewis is back on ice.
8:02 of 3rd period - Minor Penalty to Duncan Siemens for Holding Stick.
8:03 of 3rd period - Scott Parse wins face-off versus Zack Hamill in Thunder zone.
8:53 of 3rd period - Ryan Nugent-Hopkins is hit by Adam Pelech and loses puck.
10:02 of 3rd period - Penalty to Duncan Siemens is over, Duncan Siemens is back on ice.
10:29 of 3rd period - Minor Penalty to Duncan Siemens for Interference.
10:30 of 3rd period - Zack Hamill wins face-off versus Scott Parse in Thunder zone.
10:30 of 3rd period - Snap shot by Mattias Tedenby.
10:30 of 3rd period - Goal by Mattias Tedenby - Thunder : 4 - Punishers : 1.
10:31 of 3rd period - Ryan Nugent-Hopkins wins face-off versus Zack Hamill in neutral zone.
10:48 of 3rd period - Wrist shot by Mattias Tedenby.
10:48 of 3rd period - Stopped by Devan Dubnyk without a rebound.
10:49 of 3rd period - Trevor Lewis wins face-off versus Boone Jenner in Thunder zone.
11:17 of 3rd period - Icing by Stefan Elliott.
11:18 of 3rd period - Boone Jenner wins face-off versus Joe Labate in Punishers zone.
11:18 of 3rd period - Boone Jenner is hit by Adam Clendening.
11:45 of 3rd period - Slapshot by Dany Roussin.
11:45 of 3rd period - Stopped by Louis Domingue with a rebound.
12:26 of 3rd period - Stefan Elliott is hit by Jake Muzzin and loses puck.
12:53 of 3rd period - Snap shot by Zack Hamill.
12:53 of 3rd period - Stopped by Devan Dubnyk without a rebound.
12:54 of 3rd period - Trevor Lewis wins face-off versus Mark Jankowski in Thunder zone.
13:29 of 3rd period - Wrist shot by Joe Labate.
13:29 of 3rd period - Stopped by Louis Domingue with a rebound.
13:31 of 3rd period - Slapshot by David Wolf.
13:31 of 3rd period - Shot Misses the Net.
13:33 of 3rd period - Snap shot by Austin Wuthrich.
13:33 of 3rd period - Stopped by Louis Domingue with a rebound.
13:35 of 3rd period - Slapshot by Peter Andersson.
13:35 of 3rd period - Shot Misses the Net.
13:37 of 3rd period - Snap shot by David Wolf.
13:37 of 3rd period - Shot Misses the Net.
13:39 of 3rd period - Snap shot by Austin Wuthrich.
13:39 of 3rd period - Deflect By Joe Labate.
13:39 of 3rd period - Stopped by Louis Domingue with a rebound.
15:25 of 3rd period - Off-side.
15:26 of 3rd period - Mattias Tedenby wins face-off versus David Wolf in neutral zone.
15:31 of 3rd period - Snap shot by Robbie Earl.
15:31 of 3rd period - Stopped by Devan Dubnyk with a rebound.
15:33 of 3rd period - Snap shot by Radek Faksa.
15:33 of 3rd period - Stopped by Devan Dubnyk with a rebound.
15:35 of 3rd period - Slapshot by Trevor Van Riemsdyk.
15:35 of 3rd period - Shot Blocked by Austin Wuthrich.
15:37 of 3rd period - Snap shot by Trevor Van Riemsdyk.
15:37 of 3rd period - Shot Misses the Net.
15:39 of 3rd period - Snap shot by Mattias Tedenby.
15:39 of 3rd period - Stopped by Devan Dubnyk without a rebound.
15:40 of 3rd period - Boone Jenner wins face-off versus Ryan Nugent-Hopkins in Thunder zone.
16:07 of 3rd period - Joey Ryan is hit by Mattias Tedenby and loses puck.
16:30 of 3rd period - Snap shot by Joe Labate.
16:30 of 3rd period - Shot Misses the Net.
16:32 of 3rd period - Slapshot by Jake Muzzin.
16:32 of 3rd period - Shot Blocked by Mark Jankowski.
16:34 of 3rd period - Slapshot by Joe Labate.
16:34 of 3rd period - Shot Misses the Net.
16:54 of 3rd period - Wrist shot by Colton Gillies.
16:54 of 3rd period - Shot Blocked by Peter Andersson.
16:56 of 3rd period - Slapshot by Patrick Wiercioch.
16:56 of 3rd period - Shot Blocked by Zach Stepan.
17:08 of 3rd period - Stefan Elliott is hit by Ryan Nugent-Hopkins and loses puck.
17:27 of 3rd period - Duncan Siemens is hit by Zack Hamill and loses puck.
17:52 of 3rd period - Slapshot by Scott Parse.
17:52 of 3rd period - Stopped by Louis Domingue with a rebound.
18:54 of 3rd period - Snap shot by Dany Roussin.
18:54 of 3rd period - Shot Blocked by Garret Ross.
19:33 of 3rd period - Dany Roussin is hit by Patrick Wiercioch and loses puck.
Goals for this period are 0 for Thunder vs 1 for Punishers.
Shots for this period are 6 for Thunder vs 8 for Punishers.
Back to the Top